AoeStats
← pompoko

Arabia

510185675Analyzed
1v1 RM · 2d ago on Sep 29, 2026· 21m 47s· 2 players
Game mode
Random Map
Map size
Tiny (2 player)
Population
200
Speed
Normal
Resources
Standard
Victory
Conquest
Starting age
Dark Age
Ending age
Imperial Age
RankedLock teamsTeams togetherTeam positionsShared explorationLock speedFull tech treeHidden civsTurbo modeCheats
Victory
Defeat
🇪🇸 Inca · Spain
1091
+16
🇦🇷 Ethiopians · Argentina
1088
-16
pompoko
7:39 Loom
10:08 Feudal Age
11:44 Double-Bit Axe
12:08 Fletching
17:51 Town Watch
20:32 Castle Age
18:28 Horse Collar
18:57 Gold Mining
19:18 Padded Archer Armor
20:37 Crossbowman
21:14 Bodkin Arrow
Nanomanzo
9:25 Feudal Age
7:40 Loom
17:51 Castle Age
16:36 Fletching
16:53 Padded Archer Armor
17:14 Double-Bit Axe
17:54 Crossbowman
20:51 Leather Archer Armor
Connection lost

Rejoining the realm…

Still unreachable

The connection could not be restored.

Session expired

The server has moved on; the page needs a fresh start.